 Dungeon Crawl Stone Soup version 0.28-a0-1447-ga5a8893891 (webtiles) character file.

Game seed: 12622563632249333300

32 oldriver the Skirmisher (level 3, 0/30 HPs)
             Began as a Formicid Chaos Knight on Jan 11, 2022.
             Was a Plaything of Xom.
             Succumbed to an adder's poison
             ... on level 2 of the Dungeon.
             The game lasted 00:00:55 (1262 turns).

oldriver the Skirmisher (Formicid Chaos Knight)     Turns: 1262, Time: 00:00:55

Health: 0/30       AC:  5    Str: 18    XL:     3   Next: 45%
Magic:  3/3        EV: 11    Int: 11    God:    Xom [..*...]
Gold:   38         SH:  0    Dex: 10    Spells: 2/2 levels left

rFire   . . .      SeeInvis +   a - +0 hand axe (chaos)
rCold   + . .      Faith    .   (no shield)
rNeg    . . .      Spirit   .   b - +2 leather armour
rPois   +          Reflect  .   (helmet unavailable)
rElec   .          Harm     .   (no cloak)
rCorr   .          Rampage  .   (no gloves)
Will    .....                   (no boots)
Stlth   +.........              (no amulet)
HPRegen 0.10/turn               (no ring)
MPRegen 0.08/turn               (no ring)

@: lethally poisoned (0 -> -1), flying
A: permanent stasis, dig shafts and tunnels, antennae 3, four strong arms, cold
resistance 1, poison resistance, noise suppression
a: Dig, Shaft Self, Renounce Religion


You were on level 2 of the Dungeon.
You worshipped Xom.
You were a toy of Xom.
You visited 1 branch of the dungeon, and saw 2 of its levels.

You collected 38 gold pieces.

Inventory:

Hand Weapons
 a - a +0 hand axe of chaos (weapon)
Armour
 b - a +2 leather armour (worn)
Scrolls
 c - a scroll of identify
 d - a scroll of enchant weapon {unknown}
 e - a scroll of fog


   Skills:
 + Level 3.7 Fighting
 + Level 3.3 Axes
 + Level 2.7 Armour
 + Level 1.3 Dodging


You had 2 spell levels left.
You didn't know any spells.
Your spell library contained the following spells:

 Spells                   Type           Power      Damage    Failure   Level
 Foxfire                  Conj/Fire      0%         2x1d4     38%         1
 Ensorcelled Hibernation  Hex/Ice        0%         N/A       54%         2
 Passwall                 Tmut/Erth      0%         N/A       54%         2
 Conjure Flame            Conj/Fire      0%         6-21      77%         3
 Inner Flame              Hex/Fire       0%         N/A       77%         3
 Flame Wave               Conj/Fire      0%         2d4       99%         4
 Swiftness                Air            Unusable   N/A       N/A         3

Dungeon Overview and Level Annotations

Branches:
Dungeon (2/15)

Altars:

Shops:
D:1 :

Annotations:
D:2 Natasha


Innate Abilities, Weirdness & Mutations

You cannot be hasted, slowed, berserked, paralysed or teleported.
You can dig through walls and to a lower floor.
You have a pair of large antennae on your head. (SInv)
Your four strong arms can wield two-handed weapons with a shield.
Your flesh is cold resistant. (rC+)
Your system is resistant to poisons. (rPois)
You passively dampen the noise of your surroundings.


Message History

Natasha, Servant of Life and Death comes into view.
You barely miss the adder.
You feel sick. The adder barely misses you.
Natasha casts a spell.
The adder bites you.
You hit the adder. You burn the adder.
The adder is heavily wounded.
You barely miss the hobgoblin.
You feel sick. The adder barely misses you. The hobgoblin hits you.
You feel sick.
You feel sick. The adder bites you but does no damage.
You feel sick.
You barely miss the adder.
The adder is moderately wounded.
You feel sick.
You are no longer poisoned.
The adder bites you.
You are poisoned.
The adder poisons you! The adder bites you.
It was a potion of flight.
You feel very buoyant.
You fly up into the air.
Xom thinks this is hilarious!
You feel sick. The adder bites you.
* * * LOW HITPOINT WARNING * * *
It was a potion of mutation.
You feel extremely strange.
You feel resistant to poisons.
You feel your surroundings grow quieter.
You feel resistant to cold.
Xom roars with laughter!
You feel sick. The adder bites you but does no damage.
You miss the adder.
The adder is moderately wounded.
You feel sick. The adder barely misses you. The adder bites you.
* * * LOW HITPOINT WARNING * * *
You aren't carrying any potions.
As you read the scroll labelled WEREFR TINE, it crumbles to dust.
It is a scroll of identify.
e - a scroll of fog You die...
Xom thinks this is hilarious!

#.............+ {
#.............# {
#...........+.##
#...........#..#{ {
#...........##.##
#.#'##.....#h...#
#.#)######.#g#.......
##+#........#S#.####..
#.......#####@#.h
#.......# #.#..)
#.......#####.##...
#.......'.....# ....
#.......####### .....
#.......# { #.......#
#.......# #.......#


You could see Natasha, an adder and a hobgoblin.

Vanquished Creatures
  3 ball pythons
  3 bats (D:1)
  3 endoplasms
  3 goblins (D:1)
  6 jackals (D:1)
  6 kobolds
  A frilled lizard (D:1)
  3 rats (D:1)
28 creatures vanquished.

Vanquished Creatures (others)
  7 plants (D:1)
7 creatures vanquished.

Grand Total: 35 creatures vanquished

Notes
Turn   | Place    | Note
-------+----------+-------------------------------------------
     0 | D:1      | oldriver the Formicid Chaos Knight began the quest for the
                  | Orb.
     0 | D:1      | Reached XP level 1. HP: 18/18 MP: 1/1
    48 | D:1      | Reached XP level 2. HP: 23/24 MP: 2/2
    49 | D:1      | Reached skill level 1 in Dodging
   130 | D:1      | Found Zenka's Book Boutique.
   550 | D:1      | Reached XP level 3. HP: 25/30 MP: 3/3
   754 | D:1      | XOM: silly message
  1252 | D:2      | Noticed Natasha
  1260 | D:2      | Gained mutation: Your system is resistant to poisons.
                  | (rPois) [potion of mutation]
  1260 | D:2      | Gained mutation: You passively dampen the noise of your
                  | surroundings. [potion of mutation]
  1260 | D:2      | Gained mutation: Your flesh is cold resistant. (rC+)
                  | [potion of mutation]
  1261 | D:2      | HP: 1/30 [adder (3)]
  1262 | D:2      | Succumbed to an adder's poison

Illustrated notes

Levels and vault maps discovered:
D:1:      dpeg_arrival_more_subterranean_lakeside_camping, layout_basic,
          serial_shops, nicolae_shop_behind_doors, serial_bayou_crossing
D:2:      layout_basic, serial_shops, shop,
          hellmonk_ecumenical_altar_heavens_door, minmay_divided_ellipse,
          uniq_natasha

Skill      XL: |  1  2 |
---------------+-------+-----
Dodging        | 1 |  1.3
Fighting       | |  3.7
Axes           | |  3.3
Armour         | |  2.7

Action                   || total
-------------------------++-------
Melee: Hand axe          ||    76
  Use: Potion            ||     2
       Scroll            ||     1
Armor: Leather armour    ||    34
Dodge: Dodged            ||    57

Table legend: (Time is in decaauts)
 A = Elapsed time spent in this place.
 B = Non-inter-level travel time spent in this place.
 C = Inter-level travel time spent in this place.
 D = Time resting spent in this place.
 E = Time spent auto-exploring this place.
 F = Levels seen in this place.
 G = Mean time per level.
                   A        B        C        D        E       F      G
               +--------+--------+--------+--------+--------+-----+--------+
         Total |   1279 |   1275 |      4 |    292 |    809 |   2 |  639.5 |
       Dungeon |   1279 |   1275 |      4 |    292 |    809 |   2 |  639.5 |
               +--------+--------+--------+--------+--------+-----+--------+

Top non-repeatable levels by time:
     D:1: 1133 daAuts
     D:2: 146 daAuts
